 Dungeon Crawl Stone Soup version 0.31.0-11-ge490571c62 (webtiles) character file.

Game seed: 17715481485586224724

59 qw the Shooter (level 3, 0/18 HPs)
             Began as a Spriggan Hunter on Feb 3, 2024.
             Killed from afar by Natasha (9 damage)
             ... with a magic dart
             ... on level 2 of the Dungeon.
             The game lasted 00:00:27 (938 turns).

qw the Shooter (Spriggan Hunter)                     Turns: 938, Time: 00:00:27

Health: 0/18       AC:  2    Str:  7    XL:     3   Next: 78%
Magic:  4/4        EV: 19    Int: 10    God:
Gold:   125        SH:  0    Dex: 20    Spells: 2/2 levels left

rFire   . . .        a - +0 shortbow
rCold   . . .        (shield currently unavailable)
rNeg    . . .        c - +0 robe
rPois   .            (helmet restricted)
rElec   .            (no cloak)
rCorr   .            (gloves unavailable)
SInv    +            (boots unavailable)
Will    .....        (no amulet)
Stlth   ++           (no ring)
HPRegen 0.23/turn    (no ring)
MPRegen 0.09/turn

%: no passive effects
@: very quick
A: very small, no large weapons, unfitting armour, see invisible, speed 3
a: no special abilities


You were on level 2 of the Dungeon.
You visited 1 branch of the dungeon, and saw 2 of its levels.

You collected 125 gold pieces.


Innate Abilities, Weirdness & Mutations

You are very small and have problems with some larger weapons.
You are too small for most types of armour.
You have supernaturally acute eyesight. (SInv)
You cover ground extremely quickly. (Speed+++)


   Skills:
 - Level 1.5 Fighting
 - Level 5.0 Ranged Weapons
 + Level 4.0 Dodging
 - Level 1.5 Stealth


You had 2 spell levels left.
You didn't know any spells.
Your spell library was empty.

Inventory:

Hand Weapons
 a - a +0 shortbow (weapon)
Armour
 c - a +0 robe (worn)
Scrolls
 e - a scroll of amnesia {unknown}
Potions
 b - a potion of heal wounds
 d - a potion of attraction {unknown}
 f - a potion of berserk rage {unknown}

Dungeon Overview and Level Annotations

Branches:
Dungeon (2/15)

Altars:

Annotations:
D:2 Natasha


Message History

The spectral giant cockroach bites the withered plant.
The spectral giant cockroach bites something.
The spectral giant cockroach bites something.
The quokka zombie bites the withered plant.
The withered plant begins to crumble.
The spectral giant cockroach bites something.
A giant cockroach zombie comes into view.
The withered plant crumbles away.
A jackal zombie comes into view.
The cerulean imp shouts!
The ball python skeleton loses its grip on something.
A ball python skeleton comes into view.
A spectral adder comes into view.
The giant cockroach zombie bites the withered plant.
The withered plant begins to crumble.
The spectral giant cockroach bites the withered plant.
The spectral adder bites the withered plant.
Enter note:
Enter note:
Enter note:
Enter note:
936 ||| RETREEEEATING.
The spectral giant cockroach bites the withered plant.
You shoot an arrow. The arrow hits Natasha.
Natasha is moderately wounded.
The withered plant crumbles away.
The giant cockroach zombie bites the withered plant.
Natasha casts a spell at you. The magic dart hits you!
Ouch! That really hurt!
The giant cockroach zombie bites the withered plant.
Enter note:
Enter note: You shoot an arrow.
The arrow hits Natasha!
Natasha is almost dead.
Natasha casts a spell at you. The magic dart hits you!
Ouch! That really hurt!
You die...
Natasha begins licking her fur clean.

# #.##.# #.# ####7 .
#)##.###### ....7 ZZ
#^##......#. ####7
.ZZ77777...........
Z.ZPPPP77#######.##
7PP....P7# # 7P.PPh.#
7..# ##@# #.# #.# #.#
#.# #####.#######
############............
.%...............######.
##.########%..####


You could see a spectral adder, a spectral giant cockroach, Natasha, a quokka
zombie and a giant cockroach zombie.

Vanquished Creatures
  2 adders (D:2)
  A dart slug (D:2)
  2 ribbon worms (D:2)
  3 endoplasms
  A giant cockroach (D:1)
  7 goblins
  4 hobgoblins
  3 ball pythons
  6 bats
  4 rats
33 creatures vanquished.

Notes
Turn   | Place    | Note
-------+----------+-------------------------------------------
     0 | D:1      | qw the Spriggan Hunter began the quest for the Orb.
     0 | D:1      | Reached XP level 1. HP: 10/10 MP: 2/2
     0 | D:1      | 0 ||| qw: Version: 0.3-a-155-g5e7d8dd
     0 | D:1      | 0 ||| qw: Game counter: 3388
     0 | D:1      | 0 ||| qw: Melee chars always use a shield: true
     0 | D:1      | 0 ||| qw: God list: Okawaru
     0 | D:1      | 0 ||| qw: Allow faded altars: false
     0 | D:1      | 0 ||| qw: Do Orc after clearing Dungeon:15 true
     0 | D:1      | 0 ||| qw: Do second Lair branch before Depths: true
     0 | D:1      | 0 ||| qw: Lair rune preference: random
     0 | D:1      | 0 ||| qw: Goals: Normal
     0 | D:1      | 0 ||| PLANNING D:1-11
    15 | D:1      | Reached skill level 3 in Dodging
    17 | D:1      | You fall into a shaft and drop 1 floor!
    55 | D:2      | Reached XP level 2. HP: 14/14 MP: 3/3
   174 | D:2      | 174 ||| READING scroll labelled ILEQUH CYOJ.
   175 | D:2      | 175 ||| DROPPING scroll of butterflies.
   342 | D:1      | Found a faded altar of an unknown god.
   550 | D:1      | 550 ||| READING scroll labelled IFIOSO TEMYCOU.
   550 | D:1      | 550 ||| IDENTIFYING black potion
   633 | D:2      | Reached XP level 3. HP: 18/18 MP: 4/4
   914 | D:2      | Reached skill level 5 in Ranged Weapons
   927 | D:2      | Noticed Natasha
   936 | D:2      | 936 ||| RETREEEEATING.
   938 | D:2      | Killed from afar by Natasha

Levels and vault maps discovered:
D:1:      roderic_chinese_lattice_arrival, layout_rooms,
          dreamdust_ecumenical_altar_hidden_monk_grotto
D:2:      layout_loops_ring, dilly_guarded_unrand_morg

Skill      XL: |  1  2  3 |
---------------+----------+-----
Dodging        | 3 4 |  4.0
Ranged Weapons | 5 |  5.0
Fighting       | |  1.5
Stealth        | |  1.5

Action                     || total
---------------------------++-------
   Fire: Shortbow          ||    83
    Use: Scroll            ||     2
 Armour: Robe              ||     4
  Dodge: Dodged            ||    17

Table legend:
 A = Non-vault XP
 B = Vault XP
 C = Vault XP percentage of total XP
 D = Non-vault monster count
 E = Vault monster count
 F = Vault count percentage of total count
                 A         B        C        D         E       F
            +---------+---------+-------+---------+---------+-------
      Total |      85 |       0 |   0.0 |      33 |       0 |   0.0
            +---------+---------+-------+---------+---------+-------
        D:1 |      19 |       0 |   0.0 |      11 |       0 |   0.0
        D:2 |      66 |       0 |   0.0 |      22 |       0 |   0.0
            +---------+---------+-------+---------+---------+-------
